AoeStats
← juanse071213

Arena

510448316Analyzed
3v3 RM · 22h ago on Oct 1, 2026· 44m 33s· 6 players
Game mode
Random Map
Map size
Normal (6 player)
Population
200
Speed
Normal
Resources
Standard
Victory
Conquest
Starting age
Dark Age
Ending age
Imperial Age
RankedLock teamsTeams togetherTeam positionsShared explorationLock speedFull tech treeHidden civsTurbo modeCheats
Victory
Defeat
🇨🇴 Khmer · Colombia
936
+13
🇨🇴 Hindustanis · Colombia
884
+15
🇦🇺 Burgundians · Australia
825
+17
🇺🇸 Mongols · United States
888
-16
🇺🇸 Burgundians · United States
883
-16
🇨🇱 Aztecs · Chile
816
-13
SAURON
9:42 Feudal Age
8:44 Double-Bit Axe
12:48 Loom
16:10 Castle Age
15:17 Stone Mining
16:25 Horse Collar
17:38 Bow Saw
21:12 Wheelbarrow
26:20 Imperial Age
25:23 Fletching
27:04 Burgundian Vineyards
27:57 Husbandry
28:31 Conscription
29:07 Conscription
28:48 Bodkin Arrow
28:59 Squires
28:21 Pikeman
28:27 Light Cavalry
30:00 Ballistics
29:48 Bracer
30:42 Hand Cart
30:13 Town Watch
32:41 Chemistry
32:01 Heavy Plow
34:31 Two-Man Saw
32:57 Cavalier
35:03 Murder Holes
36:12 Capped Ram
37:01 Gold Mining
36:35 Halberdier
Bruin878
13:13 Feudal Age
13:30 Loom
19:30 Castle Age
18:41 Wheelbarrow
18:06 Double-Bit Axe
18:22 Horse Collar
18:47 Stone Mining
19:32 Gold Mining
23:55 Hand Cart
35:32 Imperial Age
34:11 Gold Shaft Mining
33:40 Heavy Plow
33:53 Bow Saw
34:37 Fletching
34:48 Padded Archer Armor
36:06 Elite Mangudai
37:10 Conscription
37:23 Bodkin Arrow
37:44 Leather Archer Armor
38:19 Bloodlines
38:10 Husbandry
37:32 Heavy Camel Rider
38:51 Caravan
39:46 Bracer
39:57 Forging
39:53 Scale Barding Armor
42:23 Chain Barding Armor
42:44 Iron Casting
Fabián
10:21 Feudal Age
10:51 Double-Bit Axe
17:18 Castle Age
15:10 Loom
16:33 Horse Collar
17:07 Forging
18:28 Town Watch
18:30 Loom
18:46 Pikeman
20:04 Squires
23:08 Fletching
25:01 Wheelbarrow
24:25 Stone Mining
26:16 Bow Saw
28:55 Iron Casting
29:50 Hand Cart
29:45 Town Patrol
30:03 Heavy Plow
31:44 Scale Mail Armor
32:26 Atlatl
35:02 Imperial Age
33:44 Gold Mining
34:32 Stone Shaft Mining
34:10 Fervor
35:24 Gold Shaft Mining
34:16 Elite Skirmisher
36:06 Block Printing
36:34 Crop Rotation
37:34 Illumination
37:27 Caravan
40:01 Ballistics
39:37 Murder Holes
sebastian susa
10:47 Feudal Age
11:49 Horse Collar
16:25 Castle Age
14:39 Double-Bit Axe
15:18 Stone Mining
15:41 Gold Mining
17:38 Wheelbarrow
17:30 Town Watch
17:59 Bow Saw
22:37 Heavy Plow
25:16 Hand Cart
26:45 Town Patrol
26:34 Loom
29:13 Gold Shaft Mining
29:14 Stone Shaft Mining
32:18 Imperial Age
33:43 Crop Rotation
34:20 Conscription
34:40 Pikeman
37:42 Chemistry
36:53 Fortified Wall
36:49 Siege Engineers
38:24 Tusk Swords
40:08 Double Crossbow
40:35 Elite Ballista Elephant
AussieHoon
4:13 Loom
10:12 Double-Bit Axe
12:16 Feudal Age
17:44 Castle Age
16:22 Horse Collar
21:16 Wheelbarrow
24:02 Wheelbarrow
24:24 Bow Saw
26:31 Sanctity
27:36 Two-Man Saw
26:16 Cavalier
27:15 Forging
27:42 Husbandry
27:53 Gold Mining
28:44 Hand Cart
31:11 Scale Barding Armor
33:38 Imperial Age
30:40 Light Cavalry
31:57 Iron Casting
31:33 Stone Mining
31:43 Pikeman
32:14 Arson
32:30 Squires
33:32 Scale Mail Armor
33:53 Chain Barding Armor
34:32 Gold Shaft Mining
34:09 Heavy Plow
33:39 Paladin
34:39 Burgundian Vineyards
34:11 Halberdier
34:49 Capped Ram
39:48 Blast Furnace
39:24 Plate Barding Armor
43:13 Elite Skirmisher
juanse071213
0:52 Loom
12:36 Feudal Age
17:27 Castle Age
16:52 Horse Collar
18:10 Scale Barding Armor
18:16 Forging
18:14 Double-Bit Axe
25:15 Heavy Plow
27:47 Chain Barding Armor
28:03 Iron Casting
30:18 Wheelbarrow
34:42 Imperial Age
33:08 Bloodlines
33:14 Gold Mining
33:36 Light Cavalry
35:34 Gold Shaft Mining
35:18 Bow Saw
36:00 Plate Barding Armor
35:46 Husbandry
39:19 Hussar
41:34 Hand Cart
41:20 Heavy Camel Rider
43:43 Imperial Camel Rider
Connection lost

Rejoining the realm…

Still unreachable

The connection could not be restored.

Session expired

The server has moved on; the page needs a fresh start.